 Dungeon Crawl Stone Soup version 0.32-a0-768-g0f6f1dd4b9 (webtiles) character file.

Game seed: 5188270010324895659

333 ezpacito the Chopper (level 6, 0/48 HPs)
             Began as a Coglin Chaos Knight on Mar 18, 2024.
             Was a Plaything of Xom.
             Succumbed to a kobold brigand's curare-tipped dart
             ... in a sewer.
             The game lasted 00:04:08 (2489 turns).

ezpacito the Chopper (Coglin Chaos Knight)          Turns: 2489, Time: 00:04:09

Health: 0/48       AC: 12    Str: 14    XL:     6   Next: 53%
Magic:  7/7        EV:  6    Int: 11    God:    Xom [..*...]
Gold:   116        SH:  0    Dex: 14    Spells: 7/7 levels left

rFire   . . .        a - +0 hand axe (chaos) {Shi}
rCold   . . .        e - +0 spear {Tae}
rNeg    . . .        k - +0 chain mail
rPois   .            c - +0 helmet
rElec   .            b - +1 cloak
rCorr   .            (no gloves)
SInv    .            (no boots)
Will    .....        (amulet unavailable) Stlth
                     (ring unavailable)
HPRegen 0.28/turn    (ring unavailable)
MPRegen 0.10/turn    (no gizmo)

%: no passive effects
@: lethally poisoned (0 -> -10), attractive, slowed, invisible, revving, very
slow
A: off-hand wielding, slow wielding, warmup strikes, no jewellery
a: Invent Gizmo, Renounce Religion


You were in a sewer.
You worshipped Xom.
You were a toy of Xom.
You visited 1 branch of the dungeon, and saw 3 of its levels.
You also visited: Sewer.

You collected 116 gold pieces.

Inventory:

Hand Weapons
 a - a +0 hand axe of chaos (weapon) {Shi}
 e - a +0 spear (offhand) {Tae}
Missiles
 h - 2 javelins (quivered)
Armour
 b - a +1 cloak (worn)
 c - a +0 helmet (worn)
 k - a +0 chain mail (worn)
 m - a +0 plate armour
Scrolls
 d - a scroll of silence {unknown}
 f - 2 scrolls of noise
 B - a scroll of blinking
Potions
 g - a potion of lignification
 i - a potion of attraction
 n - a potion of curing {unknown}


   Skills:
 * Level 3.9 Fighting
 * Level 4.1(4.3) Axes
 + Level 1.6(2.9) Polearms
 * Level 3.0 Armour
 * Level 2.4 Dodging
 + Level 1.3 Stealth
 + Level 1.0 Spellcasting


You had 7 spell levels left.
You didn't know any spells.
Your spell library contained the following spells:

 Spells                   Type           Power      Damage    Failure   Level
 Ensorcelled Hibernation  Hex/Ice        0%         N/A       100%        2
 Passwall                 Erth           0%         N/A       100%        3
 Swiftness                Air            0%         N/A       100%        3


Dungeon Overview and Level Annotations

Branches:
Dungeon (3/15)              Sewer (1/1)

Altars:


Innate Abilities, Weirdness & Mutations

You can wield a second weapon in your off-hand.
It takes a long time for you to wield or remove held weapons.
Your first few attacks do less damage.
You cannot equip rings or amulets.


Message History

You fade into invisibility!
You feel extremely sick.
You take 6 damage, and have 33/48 hp.
You feel very sick.
The kobold brigand throws a curare-tipped dart.
The curare-tipped dart hits you.
You are more poisoned.
You have difficulty breathing.
You feel as though you will be slow longer.
You take 13 damage, and have 20/48 hp.
MASSIVE DAMAGE!!
You miss the kobold brigand with your +0 hand axe of chaos.
You hit the kobold brigand with your +0 spear.
* * * LOW HITPOINT WARNING * * *
You feel extremely sick.
The kobold brigand throws a curare-tipped dart.
The curare-tipped dart hits the kobold brigand.
The kobold brigand is poisoned.
The kobold brigand struggles to breathe.
The kobold brigand seems to slow down.
The kobold brigand hits you with a +0 whip.
* * * LOW HITPOINT WARNING * * *
The kobold brigand barely misses you.
You take 12 damage, and have 8/48 hp.
MASSIVE DAMAGE!!
You miss the kobold brigand with your +0 hand axe of chaos.
The kobold brigand is moderately wounded.
You closely miss the kobold brigand with your +0 spear.
* * * LOW HITPOINT WARNING * * *
You feel very sick.
The kobold brigand throws a curare-tipped dart.
The curare-tipped dart hits the kobold brigand.
The kobold brigand looks as sick as possible!
The kobold brigand struggles to breathe.
The kobold brigand seems to be slow for longer.
The kobold brigand closely misses you.
You take 5 damage, and have 3/48 hp.
It was a potion of attraction.
You feel attractive to monsters.
Xom thinks this is hilarious!
You die...
Xom giggles madly!

#~....####.....#####
##...## ##~.~##
##### ##†## #†# #)#
##~## ### ##...##
#..?~#####..~.~#####
#.~K.K@..~~...~~~~~
#...#####~....#####
#. ##~.~## #####


You could see 2 kobold brigands.

Vanquished Creatures
  A howler monkey (D:3)
  Crazy Yiuf (D:2)
  An orc priest (D:3)
  Terence (D:2)
  An orc wizard (D:3)
  Robin (D:2)
  6 adders
  A river rat (D:3)
  2 dart slugs
  10 orcs (D:3)
  7 ball pythons
  8 endoplasms
  4 giant cockroaches
  16 goblins
  8 hobgoblins
  3 jackals (D:3)
  2 quokkas (D:3)
  5 bats
  A frilled lizard (D:1)
  8 kobolds
  6 rats
93 creatures vanquished.

Notes
Turn   | Place    | Note
-------+----------+-------------------------------------------
     0 | D:1      | ezpacito the Coglin Chaos Knight began the quest for the
                  | Orb.
     0 | D:1      | Reached XP level 1. HP: 18/18 MP: 1/1
    65 | D:1      | Reached skill level 1 in Dodging
   110 | D:1      | Reached XP level 2. HP: 24/24 MP: 2/2
   125 | D:1      | Found a faded altar of an unknown god.
   409 | D:1      | Reached XP level 3. HP: 27/29 MP: 3/3
   834 | D:2      | Noticed Robin
   919 | D:2      | Killed Robin
   920 | D:2      | Reached skill level 1 in Polearms
   920 | D:2      | Reached XP level 4. HP: 17/35 MP: 4/4
  1309 | D:2      | Noticed Terence
  1323 | D:2      | Killed Terence
  1514 | D:2      | Reached XP level 5. HP: 41/41 MP: 5/5
  1590 | D:2      | Found a runed translucent door.
  1591 | D:2      | Noticed Crazy Yiuf
  1739 | D:2      | Killed Crazy Yiuf
  1740 | D:2      | Reached skill level 1 in Stealth
  1882 | D:3      | XOM: noise
  1895 | D:3      | XOM: divination: detect creatures
  2060 | D:3      | Reached skill level 1 in Spellcasting
  2060 | D:3      | Reached XP level 6. HP: 48/48 MP: 7/7
  2076 | D:3      | Reached skill level 4 in Axes
  2293 | D:3      | XOM: silly message
  2331 | D:3      | Found a glowing drain.
  2335 | Sewer    | Entered a sewer
  2489 | Sewer    | Succumbed to a kobold brigand's curare-tipped dart

Illustrated notes

Levels and vault maps discovered:
D:1:      sevenhm_arrival_forest_fort_large_4, layout_loops_ring,
          basic_ecumenical_altar
D:2:      layout_loops_ring, uniq_crazy_yiuf_cottage, uniq_robin, uniq_terence
D:3:      layout_basic, gup_sewer_entry_bowl, serial_glass, glass_columns_a,
          glass_columns_c
Sewer:    sewer_co_15_rooms

Skill      XL: |  1  2  3  4  5  6 |
---------------+-------------------+-----
Dodging        | 1 2 |  2.4
Armour         | 2 3 |  3.0
Polearms       | 1 |  1.6
Stealth        | 1 |  1.3
Spellcasting   | 1 |  1.0
Axes           | 4 |  4.1
Fighting       | |  3.9

Action                     |  1- 3 |  4- 6 || total
---------------------------+-------+-------++-------
  Melee: Dagger            |    16 |       ||    16
         Hand axe          |    63 |   111 ||   174
         Spear             |    59 |   118 ||   177
    Use: Scroll            |     1 |     7 ||     8
         Potion            |       |     3 ||     3
   Stab: Sleeping          |     2 |       ||     2
 Armour: Leather armour    |    74 |    11 ||    85
         Chain mail        |       |    83 ||    83
  Dodge: Dodged            |    44 |    44 ||    88

Table legend: (Time is in decaauts)
 A = Elapsed time spent in this place.
 B = Non-inter-level travel time spent in this place.
 C = Inter-level travel time spent in this place.
 D = Time resting spent in this place.
 E = Time spent auto-exploring this place.
 F = Levels seen in this place.
 G = Mean time per level.
                   A        B        C        D        E       F      G
               +--------+--------+--------+--------+--------+-----+--------+
         Total |   2521 |   2432 |     89 |     40 |   1850 |   4 |  630.2 |
       Dungeon |   2349 |   2260 |     89 |     40 |   1744 |   3 |  783.0 |
         Sewer |    172 |    172 |      0 |      0 |    106 |   1 |  172.0 |
               +--------+--------+--------+--------+--------+-----+--------+

Top non-repeatable levels by time:
     D:2: 985 daAuts
     D:1: 893 daAuts
     D:3: 470 daAuts
   Sewer: 172 daAuts
